 Dungeon Crawl Stone Soup version 0.25-a0-294-gea9b1ad (webtiles) character file.

Game seed: 17186355281346503206, levelgen mode: deterministic

1080 MrTaco21 the Basher (level 8, -4/46 HPs)
             Began as a Gargoyle Fighter on Dec 17, 2019.
             Slain by an ice beast (14 damage)
             ... on level 6 of the Dungeon.
             The game lasted 00:15:36 (5255 turns).

MrTaco21 the Basher (Gargoyle Fighter)              Turns: 5255, Time: 00:15:36

Health: -4/46      AC: 18    Str: 21    XL:     8   Next: 29%
Magic:  8/8        EV:  5    Int: 10    God:
Gold:   299        SH:  9    Dex:  9    Spells: 7/7 levels left

rFire    . . .     SeeInvis .   a - +0 flail
rCold    . . .     Gourm    .   c - +0 shield
rNeg     + . .     Faith    .   k - +0 chain mail
rPois    ∞         Spirit   .   p - +1 helmet
rElec    +         Reflect  .   (no cloak)
rCorr    .         Harm     .   t - +0 pair of gloves
MR       .....                  (no boots)
Stlth    ..........             (no amulet)
HPRegen  0.15/turn              (no ring)
MPRegen  0.11/turn              (no ring)

@: no status effects
A: negative energy resistance 1, electricity resistance, unbreathing,
petrification resistance, rot immunity, AC +5
a: no special abilities


You were on level 6 of the Dungeon.
You were not hungry.

You visited 1 branch of the dungeon, and saw 6 of its levels.

You collected 299 gold pieces.

Inventory:

Hand Weapons
 a - a +0 flail (weapon)
 z - a +0 flail
   (You found it on level 3 of the Dungeon)
Armour
 c - a +0 shield (worn)
 k - a +0 chain mail (worn)
   (You took it off an orc on level 5 of the Dungeon)
 p - a +1 helmet (worn)
   (You took it off Robin on level 2 of the Dungeon)
 t - a +0 pair of gloves (worn)
   (You found it on level 2 of the Dungeon)
 v - a +0 shield
   (You found it on level 2 of the Dungeon)
Jewellery
 r - a cursed ring of attention {unknown}
   (You found it on level 2 of the Dungeon)
 w - an uncursed ring of protection from cold {unknown}
   (You found it on level 5 of the Dungeon)
 x - an uncursed ring of stealth {unknown}
   (You found it on level 3 of the Dungeon)
 y - a +5 ring of dexterity {unknown}
   (You found it on level 3 of the Dungeon)
Wands
 b - a wand of polymorph (8)
   (You found it on level 5 of the Dungeon)
 u - a wand of paralysis (10)
   (You found it on level 2 of the Dungeon)
Scrolls
 f - a scroll of identify {@r1}
 g - 2 scrolls of amnesia
 j - 2 scrolls of remove curse {unknown}
 l - a scroll of fear
 m - 3 scrolls of blinking
 o - a scroll of enchant armour
 q - a scroll of fog
 A - a scroll of enchant weapon {unknown}
 D - a scroll of immolation {unknown}
 E - 2 scrolls of magic mapping {unknown}
Potions
 d - 3 potions of might
 h - a potion of berserk rage {unknown}
 i - 4 potions of curing {unknown}
 n - 2 potions of heal wounds {unknown}
 s - a potion of cancellation {unknown}
 B - 2 potions of haste {unknown}
 C - 2 potions of mutation {unknown}
 G - a potion of ambrosia {unknown}
Comestibles
 e - 17 rations {!d}
 F - 3 chunks of flesh


   Skills:
 - Level 3.2 Fighting
 + Level 9.7 Maces & Flails
 - Level 3.2 Armour
 - Level 3.2 Shields


You had 7 spell levels left.
You didn't know any spells.
Your spell library contained the following spells:

 Spells                   Type           Power        Failure   Level  Hunger
 Animate Skeleton         Necr           N/A          100%        1    ##.....
 Apportation              Tloc           #.....       100%        1    ##.....
 Confusing Touch          Hex            #.....       100%        1    ##.....
 Summon Small Mammal      Summ           #...         100%        1    ##.....


Dungeon Overview and Level Annotations

Branches:
Dungeon (6/15)             Temple (0/1) D:6

Altars:
Cheibriados
Fedhas
Hepliaklqana
Qazlal
Sif Muna

Shops:
D:4 *   D:5 :==(!

Annotations:
D:2 Sigmund


Innate Abilities, Weirdness & Mutations

You are resistant to torment.
Your stone body is resilient. (AC +5)
You are immune to poison.
You resist negative energy. (rN+)
You are resistant to electric shocks. (rElec)
You can survive without breathing.
You are immune to petrification.
You are immune to rotting.


Message History

Eating a chunk of flesh.
You eat the chunk of flesh.
You butcher the jackal corpse.
F - 3 chunks of flesh You see here a jackal skeleton. x2
e - 17 rations {!d} (gained 1)
Found a viscous pink potion.
You now have 299 gold pieces (gained 15).
G - a viscous pink potion You open the door.
There is an open door here.
You open the door.
There is an open door here.
You open the door.
There is an open door here.
You open the door.
There is an open door here.
Found 9 gold pieces.
An ice beast comes into view.
An ice beast is nearby!
An ice beast is nearby!
You closely miss the ice beast.
The ice beast hits you but does no damage.
You closely miss the ice beast. The ice beast hits you.
The ice beast freezes you!
You hit the ice beast. The ice beast barely misses you.
You closely miss the ice beast.
The ice beast hits you but does no damage.
You hit the ice beast but do no damage.
The ice beast hits you but does no damage.
Your shield and chain mail prevent you from hitting the ice beast.
The ice beast barely misses you.
You closely miss the ice beast. The ice beast hits you.
The ice beast freezes you!
* * * LOW HITPOINT WARNING * * *
You open the door. You block the ice beast's attack.
There is an open door here.
You open the door.
The ice beast hits you but does no damage.
There is an open door here.
There's a creature in the doorway!
You block the ice beast's attack. The ice beast hits you.
* * * LOW HITPOINT WARNING * * *
The ice beast freezes you!
* * * LOW HITPOINT WARNING * * *
You closely miss the ice beast. You block the ice beast's attack.
You closely miss the ice beast. The ice beast hits you.
* * * LOW HITPOINT WARNING * * *
The ice beast freezes you!
You die...

.##.#.......#'##.........#
.#..#.......#..#.........#
.#..#.......#..#.........#
.#..#.......'..'.........#
.#..#.......#..#.........+
.####.......##'#.........#####
.........#'##....#'##.........
.........#..#....#..#.........
.........#..#...@#..#.........
.........#..#...Y+..+.........
.........#..#....#..#.........
.........#..+....####.$..##+##
........#..#............#
###.....#..#####....#+###
#.....# #....# #.....+ +....#
#.....# #....#


You could see an ice beast.

Vanquished Creatures
  Eustachio (D:4)
  A water moccasin (D:6)
  An orc warrior (D:6)
  An ogre (D:4)
  A bullfrog (D:6)
  2 crimson imps
  A bullfrog zombie (D:5)
  2 bullfrog skeletons (D:5)
  A centaur skeleton (D:6)
  A hound (D:4)
  An iguana (D:4)
  2 orc wizards (D:5)
  3 worker ants
  Robin (D:2)
  A worker ant zombie (D:6)
  4 gnolls (D:6)
  5 adders
  A shadow imp (D:5)
  2 adder skeletons
  A worm (D:3)
  2 dart slugs
  A leopard gecko (D:3)
  17 orcs
  8 bats
  4 giant cockroaches
  16 goblins
  8 hobgoblins
  9 jackals
  13 kobolds
  6 frilled lizards
  A quokka skeleton (D:4)
  7 rats
125 creatures vanquished.

Vanquished Creatures (others)
  An ooze (D:2)
  A goblin (D:2)
2 creatures vanquished.

Grand Total: 127 creatures vanquished

Notes
Turn   | Place    | Note
-------+----------+-------------------------------------------
     0 | D:1      | MrTaco21 the Gargoyle Fighter began the quest for the Orb.
     0 | D:1      | Reached XP level 1. HP: 14/14 MP: 1/1
    49 | D:1      | Reached XP level 2. HP: 11/19 MP: 2/2
   222 | D:1      | Reached skill level 3 in Maces & Flails
   370 | D:1      | Reached XP level 3. HP: 21/23 MP: 3/3
   825 | D:2      | Found a stormy altar of Qazlal.
   845 | D:2      | Noticed Robin
   878 | D:2      | Killed Robin
   878 | D:2      | Reached skill level 4 in Maces & Flails
   932 | D:2      | Reached XP level 4. HP: 26/28 MP: 4/4
   978 | D:2      | Noticed Sigmund
  1960 | D:3      | Reached skill level 5 in Maces & Flails
  2062 | D:3      | Reached XP level 5. HP: 32/32 MP: 5/5
  2569 | D:4      | Noticed an ogre
  2583 | D:4      | Killed an ogre
  2583 | D:4      | Reached skill level 6 in Maces & Flails
  2583 | D:4      | Reached XP level 6. HP: 29/37 MP: 6/6
  2679 | D:4      | Noticed Eustachio
  3130 | D:4      | Found a stormy altar of Qazlal.
  3207 | D:4      | Found Xoucum's Assorted Antiques.
  3240 | D:4      | Found a blossoming altar of Fedhas.
  3541 | D:4      | Killed Eustachio
  3541 | D:4      | Reached skill level 7 in Maces & Flails
  3567 | D:4      | Reached XP level 7. HP: 41/41 MP: 7/7
  3755 | D:5      | Entered Level 5 of the Dungeon
  3958 | D:5      | Found Vioju's Book Boutique.
  3959 | D:5      | Found Synu's Jewellery Emporium.
  4024 | D:5      | Reached skill level 8 in Maces & Flails
  4037 | D:5      | Found Xaabby's Antique Weapon Shop.
  4068 | D:5      | Found a hazy altar of Hepliaklqana.
  4082 | D:5      | Found Zasiake's Distillery.
  4203 | D:5      | Found a shimmering blue altar of Sif Muna.
  4212 | D:5      | Found a snail-covered altar of Cheibriados.
  4304 | D:5      | Found Maserae's Jewellery Shoppe.
  4393 | D:6      | Found a staircase to the Ecumenical Temple.
  4545 | D:6      | Reached skill level 9 in Maces & Flails
  4545 | D:6      | Reached XP level 8. HP: 11/46 MP: 8/8
  5255 | D:6      | Slain by an ice beast

Levels and vault maps discovered:
D:1:      lightli_arrival_flooded_house, layout_basic
D:2:      layout_loops_cross, grunt_qazlal_clouds, uniq_sigmund, uniq_robin
D:3:      layout_loops_cross, kennysheep_generic_room_3
D:4:      layout_basic, grunt_temple_overflow_forces_of_nature, serial_shops,
          kennysheep_mini_moat, minmay_misc_feat_nine_boxes, uniq_eustachio
D:5:      layout_rooms, kennysheep_little_box, amethyst_overflow_temple_binary,
          first_ration, serial_shops, shop, shop, nicolae_shop_stone,
          shop_statue, shop
D:6:      layout_gridville, minmay_temple_entry_large_hall, enter_ossuary_2

Skill      XL: |  1  2  3  4  5  6  7 |
---------------+----------------------+-----
Maces & Flails | 3 4 5 6 7 9 |  9.7
Fighting       | |  3.2
Armour         | |  3.2
Shields        | |  3.2

Action                   |  1- 3 |  4- 6 |  7- 9 || total
-------------------------+-------+-------+-------++-------
Melee: Flail             |   146 |   208 |   245 ||   599
  Use: Scroll            |       |     3 |     4 ||     7
  Eat: Chunk             |       |     9 |     6 ||    15
Armor: Scale mail        |    94 |   114 |    31 ||   239
       Chain mail        |       |       |   132 ||   132
Dodge: Dodged            |    42 |    78 |    58 ||   178
Block: Shield            |    72 |   128 |    98 ||   298

Table legend:
 A = Non-vault XP
 B = Vault XP
 C = Vault XP percentage of total XP
 D = Non-vault monster count
 E = Vault monster count
 F = Vault count percentage of total count
                 A         B        C        D         E       F
            +---------+---------+-------+---------+---------+-------
      Total |    1309 |     234 |  15.2 |     112 |      13 |  10.4
            +---------+---------+-------+---------+---------+-------
        D:1 |      48 |       0 |   0.0 |      28 |       0 |   0.0
        D:2 |      64 |      33 |  34.0 |      14 |      10 |  41.7
        D:3 |      39 |       5 |  11.4 |      21 |       2 |   8.7
        D:4 |     263 |     196 |  42.7 |      11 |       1 |   8.3
        D:5 |     338 |       0 |   0.0 |      22 |       0 |   0.0
        D:6 |     557 |       0 |   0.0 |      16 |       0 |   0.0
            +---------+---------+-------+---------+---------+-------
